 Dungeon Crawl Stone Soup version 0.27.0-1-g7a089689b8 (webtiles) character file.

Game seed: 10262361279414478868

1139 RascalDebosk the Shield-Bearer (level 8, -1/68 HPs)
             Began as a White Draconian Fighter on Aug 17, 2021.
             Slain by a centaur (5 damage)
             ... on level 6 of the Dungeon.
             The game lasted 00:47:05 (4374 turns).

RascalDebosk the Shield-Bearer (DrFi)               Turns: 4374, Time: 00:47:07

Health: -1/68      AC:  7    Str: 26    XL:     8   Next: 14%
Magic:  8/8        EV: 11    Int: 10    God:
Gold:   292        SH: 10    Dex: 10    Spells: 7/7 levels left

rFire    . . .     SeeInvis .   a - +0 war axe
rCold    + . .     Faith    .   b - +0 kite shield
rNeg     . . .     Spirit   .   (armour unavailable)
rPois    .         Reflect  .   (helmet restricted)
rElec    .         Harm     .   n - +0 cloak
rCorr    .         Rampage  .   (no gloves)
Will     .....                  (no boots)
Stlth    ++........             j - amulet of regeneration
HPRegen  1.21/turn              i - +6 ring of strength
MPRegen  0.11/turn              (no ring)

@: short of breath
A: breathe frost, AC +6, unfitting armour, cold resistance 1, cold-blooded
a: Breathe Frost


You were on level 6 of the Dungeon.
You visited 1 branch of the dungeon, and saw 6 of its levels.

You collected 292 gold pieces.

Inventory:

Hand Weapons
 a - a +0 war axe (weapon)
 o - a +1 whip of flaming
Missiles
 c - 38 stones
 q - 5 boomerangs (quivered)
Armour
 b - a +0 kite shield (worn)
 n - a +0 cloak (worn)
Magical Staves
 p - a staff of fire
Jewellery
 e - a ring of fire
 i - a +6 ring of strength (left hand)
 j - an amulet of regeneration (around neck)
Wands
 h - a wand of flame (19)
Scrolls
 f - 2 scrolls of identify
 k - 4 scrolls of teleportation
 l - a scroll of summoning
Potions
 d - 4 potions of curing
 g - 2 potions of magic
 m - a potion of might


   Skills:
 + Level 5.0 Fighting
 * Level 5.3 Axes
 + Level 4.3 Dodging
 + Level 3.5 Stealth
 * Level 5.9 Shields


You had 7 spell levels left.
You didn't know any spells.
Your spell library contained the following spells:

 Spells                   Type           Power      Damage    Failure   Level
 Foxfire                  Conj/Fire      0%         2x1d4     77%         1
 Shock                    Conj/Air       0%         1d3       77%         1
 Conjure Flame            Conj/Fire      0%         6-21      98%         3
 Inner Flame              Hex/Fire       0%         N/A       98%         3
 Swiftness                Air            0%         N/A       98%         3
 Airstrike                Air            0%         N/A       100%        4


Dungeon Overview and Level Annotations

Branches:
Dungeon (6/15)
 Temple: D:4-7

Altars:


Innate Abilities, Weirdness & Mutations

You can breathe waves of freezing cold which knock back foes.
Your icy white scales are hard. (AC +6)
You cannot fit into any form of body armour.
Your flesh is cold resistant. (rC+)
You are cold-blooded and may be slowed by cold attacks.


Message History

The centaur shoots an arrow.
You block the arrow.
The steam dragon bites you but does no damage.
The steam dragon claws you.
* * * LOW HITPOINT WARNING * * *
The centaur shoots an arrow.
You block the arrow.
You feel better. The steam dragon breathes steam at you.
The ball of steam hits you!
* * * LOW HITPOINT WARNING * * *
You closely miss the steam dragon.
The steam dragon is moderately wounded.
You hit the centaur but do no damage.
You are engulfed in a cloud of scalding steam.
The centaur unwields a +0 shortbow.
The centaur misses you. The centaur barely misses you.
The steam dragon barely misses you. The steam dragon claws you.
* * * LOW HITPOINT WARNING * * *
The centaur hits you but does no damage.
You block the centaur's attack.
You slash the steam dragon!
The steam dragon is severely wounded.
You hit the centaur.
You are engulfed in a cloud of scalding steam.
The centaur hits you.
* * * LOW HITPOINT WARNING * * *
The centaur kicks you but does no damage.
You block the steam dragon's attack. The steam dragon claws you.
* * * LOW HITPOINT WARNING * * *
The centaur barely misses you.
The centaur kicks you but does no damage.
The steam dragon bites you but does no damage.
The steam dragon claws you but does no damage.
Okay, then.
As you read the scroll of identify, it crumbles to dust.
l - a scroll of summoning You are engulfed in a cloud of scalding steam.
* * * LOW HITPOINT WARNING * * *
The centaur barely misses you. The centaur closely misses you.
The centaur hits you.
You die...

########
#......#
##......#
........#
........#
........#
......cD########
.......@.......#
######.§.......#
#.........#
#§.......<#
#§.§......#
#########.# #.#
#.# #.#


You could see a steam dragon (catching breath) and a centaur.

Vanquished Creatures
  Sigmund (D:4)
  A black bear (D:4)
  2 ogres (D:5)
  Blork the orc (D:4)
  3 scorpions
  A centaur skeleton (D:5)
  A hound (D:5)
  2 bullfrog skeletons
  2 iguanas
  An orc wizard (D:5)
  2 howler monkey zombies (D:5)
  Robin (D:3)
  10 adders
  2 worms
  4 dart slugs
  14 orcs
  6 bats
  10 endoplasms
  7 giant cockroaches
  19 goblins
  7 hobgoblins
  9 jackals
  3 kobolds
  6 quokkas
  14 ball pythons
  3 frilled lizards
  21 rats
153 creatures vanquished.

Notes
Turn   | Place    | Note
-------+----------+-------------------------------------------
     0 | D:1      | RascalDebosk the Draconian Fighter began the quest for the
                  | Orb.
     0 | D:1      | Reached XP level 1. HP: 19/19 MP: 1/1
   109 | D:1      | Reached XP level 2. HP: 19/26 MP: 2/2
   542 | D:1      | Reached XP level 3. HP: 28/31 MP: 3/3
  1029 | D:2      | Reached skill level 1 in Stealth
  1407 | D:2      | Found a faded altar of an unknown god.
  1570 | D:2      | Reached XP level 4. HP: 36/39 MP: 4/4
  2251 | D:3      | Reached XP level 5. HP: 40/46 MP: 5/5
  2591 | D:3      | Identified the +0 helmet of the Lotus Blossom {rN+ Int+3}
  2591 | D:3      | Noticed Robin
  2614 | D:3      | Killed Robin
  2918 | D:4      | Noticed Sigmund
  2931 | D:4      | Killed Sigmund
  2932 | D:4      | Reached XP level 6. HP: 14/52 MP: 6/6
  3111 | D:4      | Noticed Blork the orc
  3122 | D:4      | Killed Blork the orc
  3123 | D:4      | Reached skill level 5 in Shields
  3123 | D:4      | Your scales start taking on an icy white colour.
  3123 | D:4      | Reached XP level 7. HP: 60/60 MP: 7/7
  3123 | D:4      | Gained mutation: Your flesh is cold resistant. (rC+) [White
                  | Draconian growth]
  3547 | D:5      | Entered Level 5 of the Dungeon
  3940 | D:5      | Reached skill level 5 in Axes
  4185 | D:5      | Reached XP level 8. HP: 65/67 MP: 8/8
  4217 | D:5      | Reached skill level 5 in Fighting
  4374 | D:6      | HP: 3/68 [steam dragon] (3)]
  4374 | D:6      | Slain by a centaur

Illustrated notes

Levels and vault maps discovered:
D:1:      ncdulo_smallfort, layout_loops_cross, chequers_serial_rivers_large_a,
          minmay_stone_trees_small
D:2:      layout_basic, hellmonk_ecumenical_altar_crossroads,
          corexii_corridor_pit, hangedman_glass_garden, minmay_worlds_worst_comb
D:3:      kennysheep_goblin_castle, layout_basic
D:4:      layout_cave_pools, minmay_misc_feat_nine_boxes, minmay_rat_hole,
          uniq_sigmund, uniq_blork_the_orc
D:5:      layout_loops_corners, lightli_ossuary_entry_decrepit_ruins
D:6:      layout_basic, mainiacjoe_overflow_alcove_4,
          minmay_temple_entry_purple_smoke, roderic_roman_lattice

Skill      XL: |  1  2  3  4  5  6  7  8 |
---------------+-------------------------+-----
Stealth        | 1 2 3 |  3.5
Dodging        | 3 4 |  4.3
Axes           | 3 4 5 |  5.3
Shields        | 4 5 |  5.9
Fighting       | 4 5 |  5.0

Action                   |  1- 3 |  4- 6 |  7- 9 || total
-------------------------+-------+-------+-------++-------
Melee: War axe           |   105 |   151 |   135 ||   391
       Tailslap          |     9 |    17 |    19 ||    45
 Abil: Breathe Frost     |       |       |     3 ||     3
  Use: Scroll            |       |     6 |     1 ||     7
       Potion            |       |     1 |     1 ||     2
 Stab: Sleeping          |     1 |     5 |     1 ||     7
Armor: Skin              |    40 |    68 |    33 ||   141
Dodge: Dodged            |    44 |    98 |    61 ||   203
Block: Kite shield       |    77 |   133 |    85 ||   295
